 Dungeon Crawl Stone Soup version 0.29-a0-923-g6e406bff71 (webtiles) character file.

Game seed: 7075135255163756046

112 xian the Firebug (level 4, -4/27 HPs)
             Began as an Octopode Fire Elementalist on July 27, 2022.
             Killed from afar by an orc wizard (12 damage)
             ... with a magic dart
             ... on level 3 of the Dungeon.
             The game lasted 00:07:28 (2131 turns).

xian the Firebug (Octopode Fire Elementalist)       Turns: 2131, Time: 00:07:28

Health: -4/27      AC:  1    Str:  7    XL:     4   Next: 95%
Magic:  6/8        EV: 13    Int: 19    God:
Gold:   127        SH:  0    Dex: 12    Spells: 6/9 levels left

rFire   . . .      SeeInvis .   k - +0 mace (holy)
rCold   . . .      Faith    .   (no shield)
rNeg    . . .      Spirit   .   (helmet restricted)
rPois   .          Reflect  .   i - amulet of magic regeneration
rElec   .          Harm     .   (no ring)
rCorr   .          Rampage  .   (no ring)
Will    .....                   (no ring)
Stlth   +++.......              (no ring)
HPRegen 0.09/turn               (no ring)
MPRegen 0.51/turn               (no ring)
                                (no ring)
                                (no ring)

@: very slightly contaminated
A: almost no armour, amphibious, 8 rings, camouflage 1, gelatinous body 1,
(nimble swimmer 1), tentacles
a: no special abilities


You were on level 3 of the Dungeon.
You visited 1 branch of the dungeon, and saw 3 of its levels.

You collected 127 gold pieces.

Inventory:

Hand Weapons
 k - a +0 mace of holy wrath (weapon)
Jewellery
 i - an amulet of magic regeneration (around mantle)
Wands
 n - a wand of flame (21)
Scrolls
 c - a scroll of brand weapon {unknown}
 e - 2 scrolls of fear
 f - a scroll of noise {unknown}
 g - a scroll of immolation {unknown}
 l - a scroll of torment {unknown}
Potions
 a - a potion of magic
 b - 2 potions of lignification
 d - a potion of flight
 h - a potion of attraction {unknown}
 j - a potion of invisibility {unknown}
 m - a potion of mutation {unknown}


   Skills:
 + Level 0.2 Axes
 + Level 2.2 Dodging
 + Level 3.6 Stealth
 + Level 3.1 Spellcasting
 + Level 1.3 Conjurations
 + Level 3.9 Fire Magic


You had 6 spell levels left.
You knew the following spells:

 Your Spells              Type           Power      Damage    Failure   Level
a - Foxfire               Conj/Fire      52%        2x1d6     4%          1
b - Scorch                Fire           36%        2d6       4%          2

Your spell library contained the following spells:

 Spells                   Type           Power      Damage    Failure   Level
 Magic Dart               Conj           32%        1d4       9%          1
 Conjure Flame            Conj/Fire      13%        6-21      16%         3
 Inner Flame              Hex/Fire       10%        N/A       21%         3
 Call Imp                 Summ           3%         N/A       22%         2
 Mephitic Cloud           Conj/Pois/Air  4%         N/A       36%         3
 Gell's Gravitas          Tloc           3%         N/A       41%         3
 Lesser Beckoning         Tloc           3%         N/A       41%         3
 Ozocubu's Armour         Ice            3%         N/A       41%         3
 Teleport Other           Tloc           3%         N/A       41%         3
 Flame Wave               Conj/Fire      13%        2d6       45%         4
 Ozocubu's Refrigeration  Ice            1%         4d5       100%        7
 Chain Lightning          Conj/Air       2%         3d3       100%        9
 Fire Storm               Conj/Fire      6%         8d2       100%        9
 Shatter                  Erth           1%         3d6*      100%        9


Dungeon Overview and Level Annotations

Branches:
Dungeon (3/15)

Altars:
Ru


Innate Abilities, Weirdness & Mutations

You cannot wear most types of armour.
You are amphibious.
You can wear up to eight rings at the same time.
Your skin changes colour to match your surroundings (Stealth+).
Your rubbery body absorbs attacks. (AC +1, EV +1)
((You are camouflaged when in or above water. (Stealth+)))
You have tentacles for arms and can constrict up to eight enemies at once.


Message History

The foxfire hits the orc wizard.
The orc wizard is burned terribly!
The orc wizard is severely wounded.
The foxfire hits the orc wizard.
The orc wizard is almost dead.
Casting: Foxfire (safe; 5% risk of failure)
Confirm with . or Enter, or press ? or * to list all spells.
You conjure some foxfire!
The orc wizard hits you with a +0 dagger.
The orc wizard gestures wildly while chanting.
The orc wizard flickers and vanishes!
Deactivating autopickup; reactivate with Ctrl-A.
The foxfire hits something. x2
Reactivating autopickup.
You feel a bit more experienced.
Casting: Foxfire (safe; 4% risk of failure)
Confirm with . or Enter, or press ? or * to list all spells.
You miscast Foxfire.
You are very lightly contaminated with residual magic.
Nothing appears to happen.
The orc wizard hits you with a +0 dagger.
Casting: Foxfire (safe; 4% risk of failure)
Confirm with . or Enter, or press ? or * to list all spells.
You conjure some foxfire!
The orc wizard misses you.
Your foxfire dissipates!
The foxfire hits the orc wizard.
The orc wizard is moderately wounded.
A gnoll comes into view. It is wielding a +0 whip.
A hobgoblin comes into view.
Casting: Foxfire (safe; 4% risk of failure)
Confirm with . or Enter, or press ? or * to list all spells.
You conjure some foxfire!
The hobgoblin shouts!
The orc wizard closely misses you. The orc hits you with a +0 dagger.
* * * LOW HITPOINT WARNING * * *
You barely miss the orc wizard. You grab the orc wizard.
The orc wizard is moderately wounded.
You constrict the orc wizard.
The orc wizard gestures at you while chanting.
The magic dart hits you!
You die...

#...#...............
.+#######'....########...
..............#### #...
..g..)...........# #...
#.g....).........# #...
#................# ####
.......##.###....##### #
.......##o.##.####...####
.......v@o.......+.......
.......###.##.#.##...####
....... .# ...+....# #
....... .# .##....# #
....... .. #####.# # ..
#. #.# # # .# #.# # ..
#.# # #.###


You could see an orc wizard (ally target), a gnoll, an orc and a hobgoblin.

Vanquished Creatures
  An orc wizard (D:3)
  4 adders (D:2)
  A dart slug (D:1)
  An orc (D:3)
  6 endoplasms
  2 giant cockroaches
  3 goblins
  10 hobgoblins
  5 kobolds
  4 ball pythons
  3 bats
  5 frilled lizards
  2 rats
47 creatures vanquished.

Vanquished Creatures (others)
  86 foxfires
86 creatures vanquished.

Grand Total: 133 creatures vanquished

Notes
Turn   | Place    | Note
-------+----------+-------------------------------------------
     0 | D:1      | xian the Octopode Fire Elementalist began the quest for the
                  | Orb.
     0 | D:1      | Reached XP level 1. HP: 11/11 MP: 3/3
   201 | D:1      | Reached XP level 2. HP: 17/17 MP: 3/5
   262 | D:1      | Learned a level 2 spell: Scorch
   871 | D:2      | Reached XP level 3. HP: 16/21 MP: 1/6
  1563 | D:2      | Reached XP level 4. HP: 27/27 MP: 8/8
  2108 | D:3      | Found a sacrificial altar of Ru.
  2131 | D:3      | Killed from afar by an orc wizard

Illustrated notes

Levels and vault maps discovered:
D:1:      elethiomel_arrival_shortcut, layout_loops_ring, minmay_misc_feat_x
D:2:      layout_rooms, minmay_quadrilaterals
D:3:      layout_basic, nzn_overflow_gifts_of_might_and_magic,
          mainiacjoe_overflow_brackets, nicolae_ru_great_annihilating_truth,
          chequers_temple_overflow_statue_of_worship, chequers_garden

Skill      XL: |  1  2  3  4 |
---------------+-------------+-----
Stealth        | 3 |  3.6
Spellcasting   | 3 |  3.1
Axes           | |  0.2
Dodging        | |  2.2
Conjurations   | |  1.3
Fire Magic     | |  3.9

Action                   |  1- 3 |  4- 6 || total
-------------------------+-------+-------++-------
Melee: Hand axe          |    15 |       ||    15
       Tentacles         |     1 |     2 ||     3
       Mace              |       |    10 ||    10
       Constrict         |       |     3 ||     3
 Cast: Foxfire           |    35 |    17 ||    52
       Scorch            |    11 |     5 ||    16
  Use: Scroll            |     2 |       ||     2
       Potion            |     1 |       ||     1
Armor: Skin              |    12 |     3 ||    15
Dodge: Dodged            |    25 |     9 ||    34

Table legend: (Time is in decaauts)
 A = Elapsed time spent in this place.
 B = Non-inter-level travel time spent in this place.
 C = Inter-level travel time spent in this place.
 D = Time resting spent in this place.
 E = Time spent auto-exploring this place.
 F = Levels seen in this place.
 G = Mean time per level.
                   A        B        C        D        E       F      G
               +--------+--------+--------+--------+--------+-----+--------+
         Total |   2138 |   2127 |     11 |     56 |   1555 |   3 |  712.7 |
       Dungeon |   2138 |   2127 |     11 |     56 |   1555 |   3 |  712.7 |
               +--------+--------+--------+--------+--------+-----+--------+

Top non-repeatable levels by time:
     D:2: 1233 daAuts
     D:1: 810 daAuts
     D:3: 94 daAuts
